 Dungeon Crawl Stone Soup version 0.30-a0-860-g512cf1e979 (webtiles) character file.

Game seed: 3646755995795602073

1330 112233 the Firebug (level 8, -10/51 HPs)
             Began as an Octopode Fire Elementalist on Mar 7, 2023.
             Mangled by an orc warrior
             ... wielding a +0 trident
              (19 damage)
             ... on level 6 of the Dungeon.
             The game lasted 00:10:03 (9558 turns).

112233 the Firebug (Octopode Fire Elementalist)     Turns: 9558, Time: 00:10:04

Health: -10/51     AC:  1    Str: 10    XL:     8   Next: 60%
Magic:  9/16       EV: 14    Int: 19    God:
Gold:   203        SH:  0    Dex: 13    Spells: 8/18 levels left

rFire   + . .      SeeInvis .    y - +4 sling of Doeritag {drain, rPois rF+ Str+3}
rCold   . . .      Faith    .    (no shield)
rNeg    . . .      Spirit   .    (helmet restricted)
rPois   +          Reflect  .    (no amulet)
rElec   .          Rampage  .    (no ring)
rCorr   .                        (no ring)
Will    .....                    (no ring)
Stlth   +++                      (no ring)
HPRegen 0.28/turn                (no ring)
MPRegen 0.15/turn                (no ring)
                                 (no ring)
                                 (no ring)

@: no status effects
A: almost no armour, amphibious, 8 rings, camouflage 1, gelatinous body 1,
(nimble swimmer 1), tentacles
a: no special abilities


You were on level 6 of the Dungeon.
You visited 1 branch of the dungeon, and saw 6 of its levels.

You collected 203 gold pieces.

Inventory:

Hand Weapons
 b - a +0 short sword
 w - a +1 short sword of venom
 y - the +4 sling of Doeritag (weapon) {drain, rPois rF+ Str+3}
   (You found it on level 6 of the Dungeon)

   Str:       It affects your strength (+3).
   rF:        It protects you from fire.
   rPois:     It protects you from poison.
Jewellery
 d - a ring of poison resistance
 h - an amulet of faith
 i - an amulet of guardian spirit
Wands
 u - a wand of mindburst (9)
Scrolls
 c - 2 scrolls of vulnerability {unknown}
 e - 2 scrolls of noise
 n - 2 scrolls of enchant armour {unknown}
 o - 3 scrolls of teleportation
 q - a scroll of identify
 r - a scroll of fog {unknown}
 s - 3 scrolls of magic mapping {unknown}
 t - a scroll of enchant weapon {unknown}
 v - a scroll of torment {unknown}
Potions
 a - a potion of magic
 f - 2 potions of flight {unknown}
 g - a potion of haste {unknown}
 j - a potion of attraction {unknown}
 k - 2 potions of heal wounds {unknown}
 l - a potion of resistance {unknown}
 m - 2 potions of lignification {unknown}
 p - 2 potions of ambrosia {unknown}
 x - a potion of mutation {unknown}


   Skills:
 + Level 2.4 Fighting
 + Level 3.6 Dodging
 - Level 3.2 Stealth
 * Level 5.9 Spellcasting
 + Level 3.0 Conjurations
 * Level 6.8 Fire Magic


You had 8 spell levels left.
You knew the following spells:

 Your Spells              Type           Power      Damage    Failure   Level
a - Foxfire               Conj/Fire      96%        2x1d8     1%          1
b - Scorch                Fire           62%        2d8       1%          2
c - Kindle Blastsparks    Fire/Tloc/Air  28%        2d12      13%         3
d - Flame Wave            Conj/Fire      24%        2d8       14%         4

Your spell library contained the following spells:

 Spells                   Type           Power      Damage    Failure   Level
 Inner Flame              Hex/Fire       18%        N/A       9%          3
 Passage of Golubria      Tloc           5%         N/A       75%         4
 Silence                  Hex/Air        2%         N/A       97%         5
 Lehudib's Crystal Spear  Conj/Erth      5%         10d3      100%        8


Dungeon Overview and Level Annotations

Branches:
Dungeon (6/15)
 Temple: D:4-7

Altars:
Qazlal
Trog

Shops:
D:5 :

Annotations:
D:5 exclusions: downstairs and upstairs


Innate Abilities, Weirdness & Mutations

You cannot wear most types of armour.
You are amphibious.
You can wear up to eight rings at the same time.
Your skin changes colour to match your surroundings (Stealth+).
Your rubbery body absorbs attacks. (AC +1, EV +1)
((You are camouflaged when in or above water. (Stealth+)))
You have tentacles for arms and can constrict up to eight enemies at once.


Message History

You start waiting.
Done waiting.
Unknown command.
You climb downwards.
There is a stone staircase leading up, spattered with blood here.
Unknown command.
Casting: Scorch (safe; 1% risk of failure)
Confirm with . or Enter, or press ? or * to list all spells.
Flames lash the orc warrior.
The orc warrior is lightly wounded.
The orc warrior's fire resistance burns away.
The orc warrior completely misses you. The orc warrior closely misses you.
Unknown command.
Casting: Scorch (safe; 1% risk of failure)
Confirm with . or Enter, or press ? or * to list all spells.
Flames lash the orc warrior.
The orc warrior is burned terribly!
The orc warrior is moderately wounded.
The orc warrior completely misses you. The orc warrior barely misses you.
Unknown command.
Casting: Scorch (safe; 1% risk of failure)
Confirm with . or Enter, or press ? or * to list all spells.
Flames lash the orc warrior.
The orc warrior is burned terribly!
The orc warrior is almost dead.
The orc warrior hits you from afar with a +0 trident!
The orc warrior closely misses you.
Unknown command.
Casting: Scorch (safe; 1% risk of failure)
Confirm with . or Enter, or press ? or * to list all spells.
Flames lash the orc warrior.
The orc warrior is heavily wounded.
The orc warrior's fire resistance burns away.
The orc warrior barely misses you. The orc warrior closely misses you.
The orc warrior hits you from afar with a +0 trident! x2
Unknown command.
The orc warrior hits you from afar with a +0 trident!
* * * LOW HITPOINT WARNING * * *
The orc warrior hits you from afar with a +0 trident!!
You die...

# ##.................. .
##.#......>...........#
...#................#...## ##
##.#...#...........###### ..
..... #..........## ..
#....###....)......# ####o
........oo.........# .....
#.#.#.).......#..#######
...#####.#...[@....###.........
#.#.....#.........###.......≈≈
#..).##......#.#.....#......≈#
###.......#....#.###........≈#
.#####....#.....##..#
###......≈#
..............#....##
###......≈§
............###.##.#
##.........# .####.......#
#.##.###..#########
...........###.#......##


You could see 2 orc warriors.

Vanquished Creatures
  An orc warrior (D:6)
  4 black bears
  An ogre (D:4)
  3 scorpions
  2 jellies (D:5)
  A howler monkey (D:5)
  3 orc priests
  2 hounds (D:4)
  Ijyb (D:4)
  2 orc wizards
  8 gnolls (D:5)
  7 adders
  A shadow imp (D:5)
  A white imp (D:4)
  2 worms
  4 dart slugs
  12 orcs
  6 bats
  9 endoplasms
  4 giant cockroaches
  6 goblins
  7 hobgoblins
  4 jackals (D:1)
  6 quokkas
  3 ball pythons
  3 frilled lizards
  9 kobolds
  5 rats
117 creatures vanquished.

Vanquished Creatures (others)
  364 foxfires
364 creatures vanquished.

Grand Total: 481 creatures vanquished

Notes
Turn   | Place    | Note
-------+----------+-------------------------------------------
     0 | D:1      | 112233 the Octopode Fire Elementalist began the quest for
                  | the Orb.
     0 | D:1      | Reached XP level 1. HP: 11/11 MP: 3/3
   160 | D:1      | Reached XP level 2. HP: 17/17 MP: 0/5
  1017 | D:1      | Reached XP level 3. HP: 21/21 MP: 2/6
  1463 | D:1      | Learned a level 2 spell: Scorch
  1678 | D:2      | Learned a level 3 spell: Kindle Blastsparks
  2171 | D:2      | Reached XP level 4. HP: 27/27 MP: 3/8
  2707 | D:2      | Found a faded altar of an unknown god.
  3285 | D:3      | You fall into a shaft and drop 1 floor!
  3299 | D:4      | Noticed Ijyb
  3313 | D:5      | Entered Level 5 of the Dungeon
  3346 | D:5      | Noticed a black bear
  3561 | D:4      | Reached skill level 4 in Fire Magic
  3733 | D:4      | Noticed a scorpion
  3741 | D:4      | Noticed an ogre
  3742 | D:4      | Killed a scorpion
  3743 | D:4      | Reached XP level 5. HP: 31/31 MP: 2/10
  4000 | D:5      | Killed a black bear
  4001 | D:5      | Reached XP level 6. HP: 5/36 MP: 2/12
  4332 | D:5      | Reached skill level 5 in Fire Magic
  4732 | D:5      | Reached XP level 7. HP: 31/41 MP: 2/14
  5371 | D:4      | Killed Ijyb
  5372 | D:4      | Reached skill level 1 in Fighting
  5372 | D:4      | Reached skill level 5 in Spellcasting
  6068 | D:4      | Found a stormy altar of Qazlal.
  6186 | D:4      | Found a bloodstained altar of Trog.
  6298 | D:4      | Reached skill level 6 in Fire Magic
  6759 | D:5      | Reached XP level 8. HP: 13/48 MP: 6/16
  6764 | D:5      | Learned a level 4 spell: Flame Wave
  7316 | D:5      | Found Gootafay's Book Boutique.
  8418 | D:6      | Identified the +4 sling of Doeritag {drain, rPois rF+
                  | Str+3}
  9558 | D:6      | Mangled by an orc warrior

Illustrated notes

Levels and vault maps discovered:
D:1:      amcnicky_arrival_underground_garden, layout_basic
D:2:      layout_basic, shapermc_ecumenical_altar_totnotflames
D:3:      layout_loops_ring
D:4:      layout_gridville, mainiacjoe_overflow_catch_the_wave, uniq_ijyb
D:5:      layout_loops_corners, serial_shops, nicolae_shop_crystal, st_stairs_8
D:6:      layout_rooms, kennysheep_mini_moat, minmay_temple_entry_glass,
          ebering_ghost_xom, nicolae_specific_store

Skill      XL: |  1  2  3  4  5  6  7  8 |
---------------+-------------------------+-----
Stealth        | 3 |  3.2
Spellcasting   | 3 4 5 |  5.9
Fire Magic     | 4 5 6 |  6.8
Fighting       | 1 2 |  2.4
Conjurations   | 2 3 |  3.0
Dodging        | 3 |  3.6

Action                     |  1- 3 |  4- 6 |  7- 9 || total
---------------------------+-------+-------+-------++-------
  Melee: Short sword       |    12 |     2 |       ||    14
         Constrict         |     5 |     1 |       ||     6
         Tentacles         |     3 |     1 |       ||     4
   Fire: Sling             |       |       |     1 ||     1
   Cast: Foxfire           |    79 |    78 |    66 ||   223
         Scorch            |     2 |    17 |    71 ||    90
  Evoke: Wand              |       |       |     2 ||     2
    Use: Scroll            |       |     3 |       ||     3
 Armour: Skin              |       |     2 |     4 ||     6
  Dodge: Dodged            |    20 |    18 |    73 ||   111

Table legend: (Time is in decaauts)
 A = Elapsed time spent in this place.
 B = Non-inter-level travel time spent in this place.
 C = Inter-level travel time spent in this place.
 D = Time resting spent in this place.
 E = Time spent auto-exploring this place.
 F = Levels seen in this place.
 G = Mean time per level.
                   A        B        C        D        E       F      G
               +--------+--------+--------+--------+--------+-----+--------+
         Total |   9569 |   9124 |    445 |   3699 |   4437 |   6 | 1594.8 |
       Dungeon |   9569 |   9124 |    445 |   3699 |   4437 |   6 | 1594.8 |
               +--------+--------+--------+--------+--------+-----+--------+

Top non-repeatable levels by time:
     D:5: 3971 daAuts
     D:1: 1494 daAuts
     D:4: 1406 daAuts
     D:2: 1318 daAuts
     D:3: 1072 daAuts
     D:6: 305 daAuts
